 Dungeon Crawl Stone Soup version 0.21.1-1-g345015fe64 (webtiles) character file.

1751 PikkenKukken the Cudgeler (level 8, -2/79 HPs)
             Began as a Troll Berserker on May 3, 2018.
             Was a Priest of Trog.
             Slain by a hippogriff (4 damage)
             ... on level 7 of the Dungeon.
             The game lasted 00:25:19 (5429 turns).

PikkenKukken the Cudgeler (Troll Berserker)         Turns: 5429, Time: 00:25:20

Health: -2/79      AC:  5    Str: 32    XL:     8   Next: 78%
Magic:  7/7        EV:  7    Int:  3    God:    Trog [***...]
Gold:   190        SH: 15    Dex: 10    Spells: 7/7 levels left

rFire    . . .     SeeInvis .   n - +0 flail
rCold    . . .     Gourm    +   C - +0 large shield
rNeg     + . .     Faith    .   b - +0 animal skin
rPois    .         Spirit   .   (helmet restricted)
rElec    .         Reflect  .   (no cloak)
rCorr    .         Harm     .   (gloves unavailable)
MR       .....                  (boots unavailable)
Stlth    ++........             (no amulet)
HPRegen  0.63/turn              z - ring of positive energy
MPRegen  0.10/turn              (no ring)

@: mighty, berserk cooldown, slowed, very slow
A: large, unfitting armour, claws 3, fast metabolism 3, gourmand, regeneration
1, shaggy fur 1, tough skin 2
a: Berserk, Trog's Hand, Burn Spellbooks, Renounce Religion


You were on level 7 of the Dungeon.
You worshipped Trog.
Trog was most pleased with you.
You were very full.

You visited 1 branch of the dungeon, and saw 7 of its levels.
You also visited: Sewer.

You collected 302 gold pieces.
You spent 112 gold pieces at shops.

Inventory:

Hand Weapons
 n - a +0 flail (weapon)
 u - a +0 hunting sling
Missiles
 d - 134 arrows
 e - 214 stones
 j - 68 sling bullets
 y - 3 tomahawks (quivered)
Armour
 b - a +0 animal skin (worn)
 h - a cursed +0 robe
 C - a +0 large shield (worn)
Jewellery
 z - a ring of positive energy (left claw)
Wands
 v - a wand of polymorph (11)
Scrolls
 f - 3 scrolls of identify
 k - a scroll of teleportation {unknown}
 p - a scroll of fog {unknown}
 q - a scroll of blinking {unknown}
 r - a scroll of magic mapping {unknown}
 t - a scroll of random uselessness {unknown}
 w - a scroll of enchant armour {unknown}
 x - 3 scrolls of remove curse {unknown}
 A - 5 scrolls of fear
Potions
 g - a potion of cancellation {unknown}
 i - 3 potions of heal wounds {unknown}
 l - a potion of ambrosia {unknown}
 m - a potion of degeneration {unknown}
 o - a potion of curing {unknown}
 s - 3 potions of agility
 B - 2 potions of mutation {unknown}
 D - a potion of haste {unknown}
Comestibles
 c - 11 rations


   Skills:
 + Level 4.8 Fighting
 + Level 7.1 Maces & Flails
 * Level 2.9 Throwing
 + Level 4.4 Dodging
 + Level 1.5 Stealth
 + Level 2.1 Shields


You had 7 spell levels left.
You didn't know any spells.

Dungeon Overview and Level Annotations

Branches:
Dungeon (7/15)             Temple (0/1) D:4

Altars:
Dithmenos
Fedhas
Hepliaklqana
Okawaru
Uskayaw
Vehumet

Shops:
D:4 [   D:5 [


Innate Abilities, Weirdness & Mutations

You are too large for most types of armour.
You have claws for hands.
Your metabolism is lightning-fast.
You like to eat raw meat.
Your natural rate of healing is unusually fast.
You are covered in fur. (AC +1)
You have very tough skin. (AC +2)


Message History

The hippogriff bites you!
* * * LOW HITPOINT WARNING * * *
The hippogriff pecks you but does no damage.
You block the hippogriff's attack.
The worker ant zombie bites you but does no damage.
The hippogriff bites you.
* * * LOW HITPOINT WARNING * * *
You block the hippogriff's attack. The hippogriff claws you!
* * * LOW HITPOINT WARNING * * *
Unknown command.
You sock the worker ant zombie!
You destroy the worker ant zombie!
Trog accepts your kill.
The orc wizard gestures wildly while chanting.
The orc wizard flickers and vanishes!
Deactivating autopickup; reactivate with Ctrl-A.
The hippogriff bites you!
* * * LOW HITPOINT WARNING * * *
You block the hippogriff's attack. The hippogriff claws you.
You die...

..................###.##.#
#..>..............# #.....
..................###.####
########..(######.....####
#...# #####..... #.(.#
#.#### #...# #.# #...# #.#
#H@.# #.# # ....o{)).#
#.#### ....###.## #.....
... ... ####.# .. ..# #.#
. ##.# #.# ..# #.. ..# ###


You could see a hippogriff and an orc.

Vanquished Creatures
  The ghost of Freyura the Shield-Bearer, a novice FoFi (D:4)
  A sky beast (D:5)
  An orc warrior (D:7)
  An ice beast (D:6)
  An ogre (D:4)
  A centaur (D:7)
  A bullfrog (D:6)
  A scorpion (D:6)
  3 howler monkeys
  A crimson imp (D:5)
  2 bullfrog skeletons (D:6)
  2 hounds (D:6)
  An orc priest (D:2)
  An orc wizard (D:7)
  A gnoll shaman (D:6)
  Natasha (thrice) (D:4)
  4 worker ants
  A hound skeleton (D:5)
  2 worker ant zombies
  13 gnolls
  9 adders
  A shadow imp (D:5)
  3 oozes
  An adder zombie (D:6)
  3 worms
  2 dart slugs
  2 leopard geckos
  21 orcs
  4 ball pythons
  5 bats
  7 giant cockroaches
  11 goblins
  6 hobgoblins
  2 jackals (D:7)
  3 quokkas
  11 frilled lizards
  2 jackal skeletons
  6 kobolds
  A quokka skeleton (D:6)
  3 rats
145 creatures vanquished.

Notes
Turn   | Place    | Note
-------+----------+-------------------------------------------
     0 | D:1      | PikkenKukken the Troll Berserker began the quest for the Orb.
     0 | D:1      | Reached XP level 1. HP: 22/22 MP: 0/0
   210 | D:1      | Reached skill level 3 in Maces & Flails
   210 | D:1      | Reached XP level 2. HP: 29/29 MP: 1/1
   776 | D:2      | Reached XP level 3. HP: 28/36 MP: 2/2
   856 | D:2      | Reached ** piety under Trog
  1220 | D:2      | Reached XP level 4. HP: 24/45 MP: 3/3
  1490 | D:2      | Found a hide-covered altar of Uskayaw.
  1490 | D:2      | Found a hazy altar of Hepliaklqana.
  1872 | D:3      | Found a glowing drain.
  1925 | Sewer    | Entered a sewer
  2103 | Sewer    | Reached skill level 4 in Maces & Flails
  2103 | Sewer    | Reached skill level 1 in Throwing
  2103 | Sewer    | Reached XP level 5. HP: 45/53 MP: 4/4
  2271 | D:3      | Found a radiant altar of Vehumet.
  2555 | D:3      | Found an iron altar of Okawaru.
  2560 | D:3      | Found a blossoming altar of Fedhas.
  2783 | D:4      | Found a staircase to the Ecumenical Temple.
  2783 | D:4      | Noticed Natasha
  2789 | D:4      | Killed Natasha
  2879 | D:4      | Reached *** piety under Trog
  2896 | D:4      | Noticed Freyura's ghost (novice FoFi)
  2903 | D:4      | Noticed an ogre
  2908 | D:4      | Killed Freyura's ghost
  2908 | D:4      | Reached skill level 5 in Maces & Flails
  2908 | D:4      | Reached skill level 1 in Stealth
  2908 | D:4      | Reached XP level 6. HP: 62/62 MP: 5/5
  2910 | D:4      | Reached XP level 7. HP: 68/68 MP: 6/6
  2913 | D:4      | Found a shadowy altar of Dithmenos.
  3005 | D:4      | Found Qixeikana's Antique Armour Boutique.
  3166 | D:5      | Entered Level 5 of the Dungeon
  3403 | D:4      | Noticed Natasha
  3412 | D:4      | Killed Natasha
  3487 | D:4      | Noticed Natasha
  3489 | D:4      | Killed Natasha
  3634 | D:5      | Reached skill level 6 in Maces & Flails
  3713 | D:5      | Found Osep's Antique Armour Emporium.
  3825 | D:5      | Bought a large shield for 112 gold pieces
  4150 | D:6      | Reached XP level 8. HP: 68/79 MP: 7/7
  4613 | D:6      | Reached skill level 1 in Shields
  5273 | D:7      | Reached skill level 7 in Maces & Flails
  5420 | D:7      | Noticed a hippogriff
  5429 | D:7      | HP: 2/79 [hippogriff (9)]
  5429 | D:7      | Slain by a hippogriff

Skill      XL: |  1  2  3  4  5  6  7  8 |
---------------+-------------------------+-----
Maces & Flails | 3 4 5 6 7 |  7.1
Fighting       | 3 4 |  4.8
Dodging        | 3 4 |  4.4
Throwing       | 1 2 |  2.9
Stealth        | 1 |  1.5
Shields        | 2 |  2.1

Action                   |  1- 3 |  4- 6 |  7- 9 || total
-------------------------+-------+-------+-------++-------
Melee: Mace              |   104 |    29 |       ||   133
       Flail             |       |    98 |   257 ||   355
 Fire: Hunting sling     |       |     1 |     5 ||     6
Throw: Stone             |    19 |    13 |       ||    32
       Tomahawk          |       |     8 |     7 ||    15
Invok: Berserk           |     1 |     3 |    11 ||    15
       Trog's Hand       |     1 |     2 |     8 ||    11
  Use: Scroll            |     1 |       |     6 ||     7
       Potion            |       |       |     3 ||     3
 Stab: Sleeping          |     1 |     1 |     2 ||     4
  Eat: Chunk             |    17 |    17 |    36 ||    70
       Ration            |       |       |     1 ||     1
Armor: Animal skin       |    28 |    34 |    49 ||   111
Dodge: Dodged            |    76 |    76 |    95 ||   247
Block: Large shield      |       |       |   153 ||   153
